 Dungeon Crawl Stone Soup version 0.29.1-1-gd02db6906a (webtiles) character file.

Game seed: 3272216885038814212

5 Du3lingdragon the Covered (level 1, 0/14 HPs)
             Began as a Tengu Fighter on Oct 1, 2022.
             Succumbed to a kobold's poison
             ... on level 1 of the Dungeon.
             The game lasted 00:01:55 (192 turns).

Du3lingdragon the Covered (Tengu Fighter)            Turns: 192, Time: 00:01:55

Health: 0/14       AC:  6    Str: 16    XL:     1   Next: 80%
Magic:  2/2        EV:  8    Int:  8    God:
Gold:   46         SH:  4    Dex: 13    Spells: 0/0 levels left

rFire   . . .      SeeInvis .   a - +0 war axe
rCold   . . .      Faith    .   c - +0 buckler
rNeg    . . .      Spirit   .   b - +0 scale mail
rPois   .          Reflect  .   (helmet restricted)
rElec   .          Harm     .   (no cloak)
rCorr   .          Rampage  .   (no gloves)
Will    .....                   (boots unavailable)
Stlth   ..........              (no amulet)
HPRegen 0.04/turn               (no ring)
MPRegen 0.08/turn               (no ring)

@: lethally poisoned (0 -> -33)
A: beak, talons 3
a: no special abilities


You were on level 1 of the Dungeon.
You visited 1 branch of the dungeon, and saw 1 of its levels.

You collected 46 gold pieces.

Inventory:

Hand Weapons
 a - a +0 war axe (weapon)
Armour
 b - a +0 scale mail (worn)
 c - a +0 buckler (worn)
Scrolls
 e - 2 scrolls of teleportation {unknown}
Potions
 d - a potion of might
 f - a potion of heal wounds
 g - a potion of degeneration {unknown}
 h - a potion of curing {unknown}


   Skills:
 - Level 3.0 Fighting
 + Level 2.6 Axes
 - Level 3.3 Armour
 - Level 3.0 Shields


You couldn't memorise any spells.
You didn't know any spells.
Your spell library was empty.

Dungeon Overview and Level Annotations

Branches:
Dungeon (1/15)

Altars:


Innate Abilities, Weirdness & Mutations

You have a beak for a mouth.
You have claws for feet.


Message History

Found 2 gold pieces.
You see here a hobgoblin corpse.
You slash the hobgoblin!
You kill the hobgoblin!
No target in view!
No target in view!
You see here a hobgoblin corpse.
Found a leather armour.
You now have 46 gold pieces (gained 2).
A kobold comes into view.
It is wielding a +0 short sword of venom.
The kobold shouts!
Found a stone staircase leading down.
A goblin comes into view. It is wielding a +0 club.
The goblin shouts!
The kobold throws a stone.
The stone hits you but does no damage.
You hit the kobold but do no damage.
The kobold hits you with a +0 short sword of venom.
You are lethally poisoned!
The kobold hits you but does no damage.
You closely miss the kobold. Your kick misses the kobold.
You feel very sick. You block the kobold's attack.
You closely miss the goblin. Your kick misses the goblin. You miss the kobold.
You feel very sick. The kobold hits you but does no damage.
You are more poisoned.
You block the goblin's attack.
The kobold hits you with a +0 short sword of venom.
* * * LOW HITPOINT WARNING * * *
You are more poisoned.
You block the goblin's attack.
You are too injured to fight recklessly!
It was a potion of heal wounds.
You feel much better.
You feel very sick.
The kobold hits you with a +0 short sword of venom.
You are more poisoned.
The goblin hits you but does no damage.
Sorry, you're not good enough to have a special ability.
Ouch! That really hurt!
You die...

#............ #.##
####........#### ....
#...#........# ..>..
#...#........#### .#...
#...########..... ......
#...# #####.
##..[.###...##### #.
....#.g.#.......#########
#...K.@........††......
#....#.##........#####.#.
####.............# #.#.
...#.#.........# #.#.
#.#.............# #.#. #
###...........# #.#.
#..####.....# #.#. #..
#.....# #.#. .... #....##
#.#.


You could see a goblin and a kobold.

Vanquished Creatures
  2 hobgoblins (D:1)
  A quokka (D:1)
  A kobold (D:1)
  A rat (D:1)
5 creatures vanquished.

Notes
Turn   | Place    | Note
-------+----------+-------------------------------------------
     0 | D:1      | Du3lingdragon the Tengu Fighter began the quest for the
                  | Orb.
     0 | D:1      | Reached XP level 1. HP: 14/14 MP: 2/2
    92 | D:1      | Found a faded altar of an unknown god.
   192 | D:1      | Succumbed to a kobold's poison

Illustrated notes

Levels and vault maps discovered:
D:1:      dpeg_arrival_lava_temple_mockup, layout_basic,
          chequers_ecumenical_altar_simple

Action                   || total
-------------------------++-------
Melee: War axe           ||    10
       Kick              ||     1
  Use: Potion            ||     1
Armor: Scale mail        ||     6
Dodge: Dodged            ||     1
Block: Buckler           ||     5
